 Dungeon Crawl Stone Soup version 0.27-a0-760-gc38aae387d (webtiles) character file.

Game seed: 8693743158054537877

25 sanka the Slasher (level 3, 30/30 HPs)
             Began as a Djinni Berserker on Mar 25, 2021.
             Was a Follower of Trog.
             Quit the game on level 2 of the Dungeon.
             The game lasted 00:02:18 (984 turns).

sanka the Slasher (Djinni Berserker)                 Turns: 984, Time: 00:02:18

Health: 30/30      AC:  6    Str: 16    XL:     3   Next: 6%
Gold:   42         EV: 10    Int:  8    God:    Trog [*.....] SH:  0 Dex: 13

rFire    + + .     SeeInvis .   a - +0 falchion
rCold    x . .     Faith    .   (no shield)
rNeg     . . .     Spirit   .   g - +0 scale mail
rPois    ∞         Reflect  .   (no helmet)
rElec    .         Harm     .   (no cloak)
rCorr    .         Rampage  .   (no gloves)
Will     .....                  (boots unavailable)
Stlth    ..........             (no amulet)
HPRegen  0.10/turn              (no ring)
MPRegen  0.00/turn              (no ring)

@: flying
A: fire resistance 2, cold vulnerability 1, float, innate caster, hp casting,
extra vitality 1
a: Renounce Religion, Berserk


You were on level 2 of the Dungeon.
You worshipped Trog.
Trog was aware of your devotion.
You visited 1 branch of the dungeon, and saw 2 of its levels.

You collected 42 gold pieces.


Innate Abilities, Weirdness & Mutations

You are immune to poison.
Your flesh is very heat resistant. (rF++)
You are vulnerable to cold. (rC-)
You float through the air rather than walking.
You learn spells naturally, not from books.
Your magical power is your life essence.
You have superior vitality. (+4 HP)


   Skills:
 - Level 3.0 Fighting
 + Level 3.7 Long Blades
 - Level 2.0 Armour
 - Level 2.1 Dodging


You had one spell level left.
You knew the following spells:

 Your Spells              Type           Power      Damage    Failure   Level
z - Magic Dart            Conj           0%         1d3       85%         1
Your spell library was empty.

Inventory:

Hand Weapons
 a - a +0 falchion (weapon)
Armour
 b - a +0 animal skin
 g - a +0 scale mail (worn)
Scrolls
 c - a scroll of immolation {unknown}
 d - a scroll of fog {unknown}
 f - a scroll of random uselessness {unknown}
Potions
 e - a potion of degeneration {unknown}

Dungeon Overview and Level Annotations

Branches:
Dungeon (2/15)

Altars:
Ashenzari

Shops:
D:1

=
▒..▒....▒▒▒▒▒.▒▒▒
▒▒ ▒▒........▒
▒.▒ ..........▒
▒.▒ ▒▒........▒
▒.▒ ▒.▒▒...▒▒▒
... ▒
▒...▒▒▒▒.▒▒▒
▒........▒
▒..▒▒▒▒▒..▒ ▒R.▒
.........r.▒
▒▒▒.......▒▒
▒▒......▒
.......▒▒
........▒ ▒
.£.....▒▒▒ ▒.
..▒....
▒▒.▒▒▒▒▒▒.▒.


You could see a rat.


Message History

You slash the ufetubus!
You kill the ufetubus!
Trog accepts your kill.
You have reached level 3!
Your experience leads to an increase in your attributes!
Increase (s)trength, (i)ntelligence, or (d)exterity?
You feel agile.
Spell assigned to 'z'.
The power to cast Magic Dart wells up from within.
Okay, then.
You hit the rat.
The rat is severely wounded.
The rat barely misses you.
You riposte.
You closely miss the rat.
The rat is severely wounded.
You hit the rat.
You kill the rat!
Trog accepts your kill.
No target in view!
Found a stone staircase leading down.
You see here a rat corpse.
Found 13 gold pieces.
A rat comes into view.
Okay, then. [Y]es or [N]o only, please.
Okay, then.
Use which ability? (? or * to list)
Okay, then.
Are you sure you want to abandon this character and quit the game? (Confirm with "yes".)

Action                   || total
-------------------------++-------
Melee: Falchion          ||    45
 Stab: Sleeping          ||     1
Armor: Animal skin       ||     2
       Scale mail        ||    11
Dodge: Dodged            ||    19
       Rpst.: Falchion   ||     9

Levels and vault maps discovered:
D:1:      lightli_arrival_chessboard, layout_basic, serial_forest,
          infiniplex_forest_end_1, infiniplex_forest_lined_3,
          infiniplex_forest_clump_medium, infiniplex_forest_straight_5,
          infiniplex_forest_straight_2, infiniplex_forest_lined_room_2,
          infiniplex_forest_fountain, infiniplex_forest_straight_5,
          serial_shops, shop, nrook_mini_backslash, evilmike_ruin_ashenzari
D:2:      layout_loops_ring, wander_ebering_terrifying_dragon_lair

Notes
Turn   | Place    | Note
-------+----------+-------------------------------------------
     0 | D:1      | sanka the Djinni Berserker began the quest for the Orb.
     0 | D:1      | Reached XP level 1. HP: 20/20 MP: 0/0
   140 | D:1      | Found a broken altar of Ashenzari.
   145 | D:1      | Reached skill level 3 in Long Blades
   273 | D:1      | Reached XP level 2. HP: 20/25 MP: 0/0
   370 | D:1      | Found Riupnoso's Jewellery Boutique.
   970 | D:2      | Reached XP level 3. HP: 30/30 MP: 0/0
   970 | D:2      | Learned a level 1 spell: Magic Dart
   984 | D:2      | Quit the game

Vanquished Creatures
  An ufetubus (D:2)
  A dart slug (D:1)
  A bat (D:1)
  5 endoplasms
  A giant cockroach (D:1)
  2 goblins
  2 jackals (D:2)
  A kobold (D:1)
  2 rats
16 creatures vanquished.

Vanquished Creatures (others)
  A plant (D:1)
1 creature vanquished.

Grand Total: 17 creatures vanquished
